 Dungeon Crawl Stone Soup version 0.28.0-43-g3370ac3207 (webtiles) character file.

Game seed: 456419870222190677

176 Woods the Insei (level 5, -4/41 HPs)
             Began as a Gnoll Transmuter on Mar 31, 2022.
             Slain by Blork the orc
             ... wielding a +0 glaive
              (12 damage)
             ... on level 4 of the Dungeon.
             The game lasted 00:04:05 (2980 turns).

Woods the Insei (Gnoll Transmuter)                  Turns: 2980, Time: 00:04:05

Health: -4/41      AC:  2    Str:  9    XL:     5   Next: 56%
Magic:  7/12       EV: 22    Int: 15    God:
Gold:   130        SH:  0    Dex: 17    Spells: 8/14 levels left

rFire   . . .      SeeInvis .     - Unarmed
rCold   . . .      Faith    .   (shield currently unavailable)
rNeg    . . .      Spirit   .   (armour currently unavailable)
rPois   x          Reflect  .   (helmet currently unavailable)
rElec   .          Harm     .   (cloak currently unavailable)
rCorr   .          Rampage  .   (gloves currently unavailable)
Will    .....                   (boots currently unavailable)
Stlth   ++........              (no amulet)
HPRegen 0.13/turn               (no ring)
MPRegen 0.13/turn               (no ring)

@: spider-form, very slightly contaminated
A: venomous fangs, tiny, (fangs 1), strong nose, distributed training
a: End Transformation


You were on level 4 of the Dungeon.
You were a venomous arachnid creature.
You visited 1 branch of the dungeon, and saw 4 of its levels.

You collected 130 gold pieces.

Inventory:

Armour
 a - a +0 robe
 c - a +0 cloak
 d - a scarf of invisibility (melded)
 k - the +5 leather armour "Faplaesi" (melded) {rC+ Int+4}
   (You took it off a kobold on level 2 of the Dungeon)

   Int:       It affects your intelligence (+4).
   rC:        It protects you from cold.
Jewellery
 f - a ring of protection from cold
Scrolls
 b - a scroll of identify {unknown}
 g - a scroll of fear {unknown}
 n - a scroll of teleportation {unknown}
Potions
 e - a potion of invisibility {unknown}
 h - a potion of attraction {unknown}
 i - a potion of curing {unknown}
 j - a potion of brilliance {unknown}
 l - a potion of heal wounds {unknown}
 m - a potion of berserk rage {unknown}


   Skills:
 + Level 3.0 Fighting
 + Level 1.5 Short Blades
 + Level 1.5 Long Blades
 + Level 1.5 Axes
 + Level 1.5 Maces & Flails
 + Level 1.5 Polearms
 + Level 1.5 Staves
 + Level 1.5 Slings
 + Level 1.5 Bows
 + Level 1.5 Crossbows
 + Level 1.5 Throwing
 + Level 1.5 Armour
 + Level 4.8 Dodging
 + Level 1.5 Stealth
 + Level 1.5 Shields
 + Level 6.7 Unarmed Combat
 + Level 5.2 Spellcasting
 + Level 1.2 Conjurations
 + Level 1.2 Hexes
 + Level 1.2 Summonings
 + Level 1.2 Necromancy
 + Level 1.2 Translocations
 + Level 4.0 Transmutations
 + Level 1.2 Fire Magic
 + Level 1.2 Ice Magic
 + Level 1.2 Air Magic
 + Level 1.2 Earth Magic
 + Level 1.2 Poison Magic
 + Level 1.7 Invocations
 + Level 1.5 Evocations


You had 8 spell levels left.
You knew the following spells:

 Your Spells              Type           Power      Damage    Failure   Level
a - Beastly Appendage     Tmut           30%        N/A       11%         1
b - Wereblood             Tmut           15%        N/A       14%         2
c - Spider Form           Tmut/Pois      11%        N/A       34%         3

Your spell library contained the following spells:

 Spells                   Type           Power      Damage    Failure   Level
 Ice Form                 Ice/Tmut       11%        N/A       69%         4


Dungeon Overview and Level Annotations

Branches:
Dungeon (4/15)
 Temple: D:4-7

Altars:
Nemelex Xobeh
Uskayaw

Shops:
D:3 [

Annotations:
D:4 1 transporter, Blork the orc


Innate Abilities, Weirdness & Mutations

You are a venomous arachnid creature.
You have poisonous fangs.
You are tiny and dextrous.
Your spellcasting is less reliable in this form.
Your armour is entirely melded.
You are incapable of wielding weapons or throwing items.
((You have very sharp teeth.))
Your uncanny sense of smell can sniff out nearby items.
Your experience applies equally to all skills.


Message History

The ball python bites you but does no damage.
The ball python barely misses you.
Unknown command.
Casting: Spider Form (quite dangerous; 17% risk of failure)
Confirm with . or Enter, or press ? or * to list all spells.
The spell is quite dangerous to miscast (17% risk of failure)!
Continue anyway?
You turn into a venomous arachnid creature.
Your scarf of invisibility melds into your body.
The +5 leather armour "Faplaesi" {rC+ Int+4} melds into your body.
The ball python bites you but does no damage.
The ball python misses you.
Unknown command.
You hit the ball python.
You kill the ball python!
Blork the orc casts a spell.
Blork the orc seems to speed up.
Blork the orc gestures at you while chanting.
The puff of frost hits you!
Blork the orc zaps a wand.
The puff of flame hits you!
You hit Blork the orc.
Blork the orc is lightly wounded.
Blork the orc closely misses you. Blork the orc casts a spell at you.
The puff of flame misses you.
You barely miss Blork the orc. Blork the orc casts a spell at you.
The magic dart hits you.
You bite Blork the orc!
Blork the orc is moderately wounded.
Blork the orc zaps a wand.
The puff of flame hits you!
You hit Blork the orc.
Blork the orc is moderately wounded.
Blork the orc gestures at you while chanting.
The magic dart hits you.
* * * LOW HITPOINT WARNING * * *
Blork the orc zaps a wand.
The puff of flame misses you.
You bite Blork the orc!
Blork the orc is poisoned.
Blork the orc is severely wounded.
Blork the orc hits you with a +0 glaive!
You die...

#..............<.......
#.....8................
##..8...8..##..........
#.........###.......#.
#.8.....8...........#
#).......^.<..#.....#
#..8...8......#....##
#....8........###.##
#..........s.## ∆
#####.#....o..#
##..##.........#
##..............#
#..............##∆
##..............##
#................# .
#......#..........#.#.
##................#©$.


You could see Blork the orc (fast, very poisoned).

Vanquished Creatures
  A centaur skeleton (D:4)
  A howler monkey skeleton (D:4)
  4 adders
  3 worms
  2 dart slugs
  5 orcs (D:3)
  11 endoplasms
  4 giant cockroaches
  5 goblins
  4 hobgoblins
  5 jackals (D:1)
  4 quokkas
  6 ball pythons
  6 bats
  8 frilled lizards
  6 kobolds
  9 rats
84 creatures vanquished.

Notes
Turn   | Place    | Note
-------+----------+-------------------------------------------
     0 | D:1      | Woods the Gnoll Transmuter began the quest for the Orb.
     0 | D:1      | Reached XP level 1. HP: 17/17 MP: 6/6
   206 | D:1      | Reached XP level 2. HP: 23/23 MP: 5/7
   837 | D:1      | Reached XP level 3. HP: 28/28 MP: 7/9
   840 | D:1      | Reached skill level 5 in Spellcasting
   863 | D:1      | Learned a level 2 spell: Wereblood
   867 | D:1      | Learned a level 3 spell: Spider Form
  1165 | D:2      | Reached skill level 1 in Invocations
  1266 | D:2      | Identified the +5 leather armour "Faplaesi" {rC+ Int+4}
  1277 | D:2      | Reached skill level 1 in Short Blades
  1277 | D:2      | Reached skill level 1 in Long Blades
  1277 | D:2      | Reached skill level 1 in Axes
  1277 | D:2      | Reached skill level 1 in Maces & Flails
  1277 | D:2      | Reached skill level 1 in Polearms
  1277 | D:2      | Reached skill level 1 in Staves
  1277 | D:2      | Reached skill level 1 in Slings
  1277 | D:2      | Reached skill level 1 in Bows
  1277 | D:2      | Reached skill level 1 in Crossbows
  1277 | D:2      | Reached skill level 1 in Throwing
  1277 | D:2      | Reached skill level 1 in Armour
  1277 | D:2      | Reached skill level 1 in Stealth
  1277 | D:2      | Reached skill level 1 in Shields
  1277 | D:2      | Reached skill level 1 in Evocations
  1696 | D:2      | Reached XP level 4. HP: 34/34 MP: 9/11
  2172 | D:3      | Found a faded altar of an unknown god.
  2175 | D:3      | Found a sparkling altar of Nemelex Xobeh.
  2345 | D:3      | Reached skill level 1 in Conjurations
  2345 | D:3      | Reached skill level 1 in Hexes
  2345 | D:3      | Reached skill level 1 in Summonings
  2345 | D:3      | Reached skill level 1 in Necromancy
  2345 | D:3      | Reached skill level 1 in Translocations
  2345 | D:3      | Reached skill level 1 in Fire Magic
  2345 | D:3      | Reached skill level 1 in Ice Magic
  2345 | D:3      | Reached skill level 1 in Air Magic
  2345 | D:3      | Reached skill level 1 in Earth Magic
  2345 | D:3      | Reached skill level 1 in Poison Magic
  2478 | D:3      | Reached XP level 5. HP: 32/40 MP: 12/12
  2840 | D:3      | Found Onotoug's Antique Armour Emporium.
  2865 | D:4      | Found a hide-covered altar of Uskayaw.
  2940 | D:4      | Found a transporter.
  2949 | D:4      | Noticed Blork the orc
  2980 | D:4      | Slain by Blork the orc

Illustrated notes

Levels and vault maps discovered:
D:1:      beargit_arrival_diablo_church, layout_basic, minmay_misc_feat_cross,
          minmay_lizard_pond
D:2:      layout_loops_ring, minmay_misc_feat_plants
D:3:      layout_rooms, nicolae_overflow_ecumenical_swirl, serial_shops, shop,
          minmay_pentomino_pile
D:4:      layout_cave_pools, nicolae_uskayaw_dance_hall,
          minmay_temple_entry_ruins, gammafunk_ghost_smash, uniq_blork_the_orc

Skill      XL: |  1  2  3  4  5 |
---------------+----------------+-----
Spellcasting   | 5 |  5.2
Invocations    | 1 |  1.7
Short Blades   | 1 |  1.5
Long Blades    | 1 |  1.5
Axes           | 1 |  1.5
Maces & Flails | 1 |  1.5
Polearms       | 1 |  1.5
Staves         | 1 |  1.5
Slings         | 1 |  1.5
Bows           | 1 |  1.5
Crossbows      | 1 |  1.5
Throwing       | 1 |  1.5
Armour         | 1 |  1.5
Stealth        | 1 |  1.5
Shields        | 1 |  1.5
Evocations     | 1 |  1.5
Conjurations   | 1 |  1.2
Hexes          | 1 |  1.2
Summonings     | 1 |  1.2
Necromancy     | 1 |  1.2
Translocations | 1 |  1.2
Fire Magic     | 1 |  1.2
Ice Magic      | 1 |  1.2
Air Magic      | 1 |  1.2
Earth Magic    | 1 |  1.2
Poison Magic   | 1 |  1.2
Fighting       | 3 |  3.0
Transmutations | 4 |  4.0
Dodging        | |  4.8
Unarmed Combat | |  6.7

Action                   |  1- 3 |  4- 6 || total
-------------------------+-------+-------++-------
Melee: Unarmed           |   110 |   134 ||   244
       Headbutt          |    13 |     7 ||    20
       Bite              |     7 |     7 ||    14
       Kick              |     9 |    10 ||    19
       Punch             |     1 |     2 ||     3
 Cast: Beastly Appendage |    17 |     9 ||    26
       Spider Form       |     1 |     2 ||     3
       Wereblood         |       |     1 ||     1
 Stab: Sleeping          |       |     2 ||     2
Armor: Robe              |    19 |       ||    19
       Leather armour    |     7 |    45 ||    52
       Skin              |     1 |     1 ||     2
Dodge: Dodged            |    78 |    85 ||   163
